 Dungeon Crawl Stone Soup version 0.18.1-50-g88ac8fd (webtiles) character file.

485 Ladykiller69 the Cleaver (level 7, -9/60 HPs)
             Began as a Formicid Fighter on Sept 20, 2016.
             Mangled by an orc warrior
             ... wielding a +0 halberd
              (11 damage)
             ... on level 8 of the Dungeon.
             The game lasted 00:07:10 (2560 turns).

Ladykiller69 the Cleaver (Formicid Fighter)         Turns: 2560, Time: 00:07:10

Health: -9/60      AC: 14    Str: 20 (23) XL:     7   Next: 35%
Magic:  7/7        EV:  6    Int:  6 (7)  God:
Gold:   93         SH: 11    Dex:  9 (10) Spells: 0 memorised, 6 levels left

rFire  . . .     SeeInvis +     a - +0 war axe
rCold  . . .     Gourm    .     l - +0 plate armour
rNeg   . . .     Faith    .     c - +0 shield
rPois  .         Spirit   .     (helmet unavailable)
rElec  .         Dismiss  .     (no cloak)
rCorr  .         Reflect  .     m - +0 pair of gloves
SustAt .         Harm     .     (no boots)
MR     .....                    (no amulet)
Stlth  ..........               (no ring)
                                (no ring)

@: not resistant to hostile enchantments, extremely unstealthy
A: permanent stasis, dig shafts and tunnels, four strong arms, antennae 3
a: Dig, Shaft Self


You were on level 8 of the Dungeon.
You were near starving.

You visited 1 branch of the dungeon, and saw 6 of its levels.

You collected 93 gold pieces.

Inventory:

Hand Weapons
 a - a +0 war axe (weapon)
Missiles
 o - 2 tomahawks (quivered)
Armour
 c - a +0 shield (worn)
 l - a +0 plate armour (worn)
 m - a +0 pair of gloves (worn)
Jewellery
 b - an uncursed ring of ice {unknown}
 e - an uncursed amulet of harm {unknown}
 k - an uncursed ring of protection from cold {unknown}
Scrolls
 g - 7 scrolls of identify {unknown}
 h - a scroll of remove curse {unknown}
 i - a scroll of random uselessness {unknown}
 j - a scroll of magic mapping {unknown}
 p - a scroll of enchant weapon {unknown}
Potions
 d - a potion of might
Comestibles
 f - 2 bread rations


   Skills:
 - Level 7.1 Fighting
 * Level 11.1 Axes
 + Level 7.0 Armour
 - Level 9.0 Shields


You had 6 spell levels left.
You didn't know any spells.

Dungeon Overview and Level Annotations

Branches:
Dungeon (7/15)
 Temple: D:4-7

Altars:
Elyvilon
Pakellas
Xom

Annotations:
D:3 Sigmund
D:6 Menkaure
D:8 Prince Ribbit


Innate Abilities, Weirdness & Mutations

You are under a permanent stasis effect.
You can dig through walls and to a lower floor.
Your four strong arms can wield two-handed weapons with a shield.
You have a pair of large antennae on your head (SInv).


Message History

The orc warrior hits you with a halberd!
You hit the orc warrior but do no damage.
The orc warrior is lightly wounded.
You hit the orc warrior.
The orc warrior is moderately wounded.
You block the orc warrior's attack.
You hit the orc warrior.
The orc warrior is heavily wounded.
The orc warrior hits you with a halberd!
* * * LOW HITPOINT WARNING * * *
You slash the orc warrior!
The orc warrior is almost dead.
The orc warrior hits you with a halberd!
* * * LOW HITPOINT WARNING * * *
Drink which item? (? for menu, Esc to quit)
Okay, then.
Are you sure you want to shaft yourself?
You are near starving!
The orc warrior hits you with a halberd!
You die...

#..........#
#...###.### .
#..###...## ...
#.........###.....
##...##.......ooo.
#...####{.##......
##.####{{## ....S
# #.# #{{#### ....
#..#.###.#{#@# .#.
#......##o## #
######..###
##..### ##...#..#
##........#
######...##.....
#............##.
######......##


You could see an orc warrior.

Vanquished Creatures
  A phantom (D:8)
  A giant frog (D:6)
  A worker ant (D:8)
  2 orc wizards (D:8)
  2 adders (D:2)
  A worm (D:2)
  2 dart slugs (D:1)
  2 giant geckos
  2 orcs (D:8)
  4 giant cockroaches
  2 goblins (D:1)
  8 hobgoblins
  5 kobolds
  8 bats
  2 giant newts (D:1)
  A quokka zombie (D:6)
  3 rats
47 creatures vanquished.

Notes
Turn   | Place    | Note
--------------------------------------------------------------
     0 | D:1      | Ladykiller69 the Formicid Fighter began the quest for the Orb.
     0 | D:1      | Reached XP level 1. HP: 18/18 MP: 1/1
   138 | D:1      | Reached XP level 2. HP: 22/24 MP: 2/2
   511 | D:1      | Reached XP level 3. HP: 29/29 MP: 3/3
  1410 | D:2      | Reached XP level 4. HP: 37/37 MP: 4/4
  1417 | D:2      | Reached skill level 3 in Axes
  1469 | D:2      | Found an oddly glowing altar of Pakellas.
  1718 | D:2      | Found a white marble altar of Elyvilon.
  1719 | D:2      | Found a shimmering altar of Xom.
  1777 | D:3      | Found a faded altar to an unknown god.
  1888 | D:3      | Noticed Sigmund
  1913 | D:3      | Reached skill level 9 in Axes
  1913 | D:3      | Reached XP level 5. HP: 13/42 MP: 5/5
  1914 | D:3      | Reached skill level 11 in Axes
  1914 | D:3      | Reached XP level 6. HP: 17/55 MP: 6/6
  1922 | D:3      | You fall through a shaft for 3 floors!
  1959 | D:6      | Noticed an ogre
  1983 | D:6      | Noticed Menkaure
  1997 | D:6      | You fall through a shaft!
  2061 | D:6      | You fall through a shaft for 2 floors!
  2095 | D:8      | Reached XP level 7. HP: 4/60 MP: 7/7
  2515 | D:8      | Noticed Prince Ribbit
  2559 | D:8      | HP: 1/60 [orc warrior/halberd (14)]
  2560 | D:8      | Mangled by an orc warrior

Skill      XL: |  1  2  3  4  5  6 |
---------------+-------------------+-----
Shields        | 4 9 |  9.0
Axes           | 9 11 | 11.1
Fighting       | 4 7 |  7.1
Armour         | 6 7 |  7.0

Action                   |  1- 3 |  4- 6 |  7- 9 || total
-------------------------+-------+-------+-------++-------
Melee: War axe           |   126 |    83 |    42 ||   251
 Abil: Dig               |       |     3 |     4 ||     7
       Shaft Self        |       |     3 |     1 ||     4
  Use: Potion            |       |     4 |       ||     4
  Eat: Chunk             |     1 |     1 |       ||     2
       Bread ration      |       |     1 |       ||     1
Armor: Scale mail        |    24 |       |       ||    24
       Plate armour      |    43 |    58 |    15 ||   116
Dodge: Dodged            |    24 |    24 |     8 ||    56
Block: Shield            |    81 |    38 |    12 ||   131
